 Dungeon Crawl Stone Soup version 0.20-a0-1043-gbd57889 (webtiles) character file.

1799 Rrauwl the Cleaver (level 8, 0/78 HPs)
             Began as a Minotaur Monk on Apr 24, 2017.
             Was a Priest of Okawaru.
             Slain by an orc warrior
             ... wielding a +0 great sword
              (4 damage)
             ... on level 6 of the Dungeon.
             The game lasted 00:19:58 (4586 turns).

Rrauwl the Cleaver (Minotaur Monk)                  Turns: 4586, Time: 00:20:00

Health: 0/78       AC: 17    Str: 19    XL:     8   Next: 83%
Magic:  6/8        EV: 12    Int:  7    God:    Okawaru [***...]
Gold:   354        SH:  0    Dex: 12    Spells: 7/7 levels left

rFire    + . .     SeeInvis .   a - +0 hand axe
rCold    . . .     Gourm    .   (no shield)
rNeg     . . .     Faith    .   e - +1 chain mail
rPois    .         Spirit   .   (helmet restricted)
rElec    .         Reflect  .   t - +0 cloak
rCorr    +         Harm     .   (no gloves)
MR       .....                  B - +0 pair of boots
Stlth    +.........             (no amulet)
Regen    0.3/turn               m - ring of resist corrosion
MPRegen  0.2/turn               k - ring of protection from fire

@: heroism
A: retaliatory headbutt, horns 2, thin metallic scales 1, mutation resistance 1
a: Heroism, Renounce Religion


You were on level 6 of the Dungeon.
You worshipped Okawaru.
Okawaru was most pleased with you.
You were hungry.

You visited 1 branch of the dungeon, and saw 6 of its levels.
You also visited: Ossuary.

You collected 354 gold pieces.

Inventory:

Hand Weapons
 a - a +0 hand axe (weapon)
 b - a +1 shortbow of freezing
Missiles
 n - 86 stones (quivered)
 q - 16 sling bullets
 D - 35 arrows
Armour
 e - a +1 chain mail (worn)
 t - a +0 cloak (worn)
 B - a +0 pair of boots (worn)
Jewellery
 k - a ring of protection from fire (right hand)
 l - a +4 ring of intelligence
 m - a ring of resist corrosion (left hand)
 r - an uncursed ring of wizardry
Wands
 p - a wand of iceblast (15/15)
 s - a wand of iceblast (4/15)
 y - a wand of iceblast (10/15)
Scrolls
 f - 2 scrolls of recharging
 g - 2 scrolls of immolation
 h - 9 scrolls of identify
 i - a scroll of fear
 j - 8 scrolls of teleportation
 w - a scroll of remove curse
 A - 2 scrolls of amnesia
 C - a scroll of fog
 E - a scroll of magic mapping
Potions
 c - 2 potions of haste
 x - 3 potions of curing
 I - 2 potions of brilliance
 J - a potion of cancellation
 K - a potion of mutation
 M - a potion of lignification
Comestibles
 o - 4 bread rations
 u - a meat ration
 v - 4 fruits
 z - 12 chunks of flesh


   Skills:
 - Level 9.1(14.1) Fighting
 + Level 9.3(14.3) Axes
 - Level 4.1(9.1) Armour
 - Level 5.1(10.1) Dodging
 - Level 3.2(8.2) Stealth
 - Level 2.1 Evocations


You had 7 spell levels left.
You didn't know any spells.

Dungeon Overview and Level Annotations

Branches:
Dungeon (6/15)
 Temple: D:4-7

Altars:
Gozag
Kikubaaqudgha
Makhleb
Okawaru
Trog
Wu Jian
Yredelemnul
Zin


Innate Abilities, Weirdness & Mutations

You reflexively headbutt those who attack you in melee.
You have a pair of horns on your head.
You are partially covered in thin metallic scales. (AC +2)
You are somewhat resistant to further mutation.


Message History

You headbutt the orc warrior!
The orc warrior is heavily wounded.
The orc warrior closely misses you.
You barely miss the orc warrior.
The orc warrior is heavily wounded.
The gnoll sergeant hits you but does no damage.
You slash the orc warrior!
The orc warrior is severely wounded.
The orc warrior hits you with a great sword!
* * * LOW HITPOINT WARNING * * *
The gnoll sergeant hits you but does no damage.
You hit the orc warrior but do no damage.
The orc warrior is severely wounded.
You hit the orc warrior but do no damage.
You headbutt the orc warrior.
The orc warrior is almost dead.
The gnoll sergeant hits you from afar with a trident.
* * * LOW HITPOINT WARNING * * *
The orc warrior hits you with a great sword.
You die...

#......................#
########......................#
..............................#
........##'###########...<.#+##
........#.....#).....#.....#
........+.....#).....#.....+
........#.....'......#.....#
........#.....##.....#.....#
........########@....#.....#
........# ##o#####.....#
#.gg...#.....# #......#
#......# #....).# ##.....#
#....... ...........


You could see an orc warrior and 2 gnoll sergeants.

Vanquished Creatures
  A sky beast (D:5)
  An orc warrior (D:6)
  An ice beast (D:5)
  A black bear (D:4)
  4 ogres
  A phantom (D:5)
  A centaur (D:5)
  A bullfrog (D:6)
  A howler monkey (D:5)
  3 centaur zombies
  A hound (D:5)
  A human zombie (Ossuary)
  4 orc priests
  6 orc wizards
  An iguana (D:4)
  A worker ant (D:3)
  5 mummies (Ossuary)
  7 adders
  5 gnolls
  An ooze (D:1)
  7 worms
  3 dart slugs
  2 leopard geckos
  20 orcs
  2 ball pythons
  6 giant cockroaches
  6 goblins
  5 hobgoblins
  12 jackals
  3 quokkas
  12 bats
  5 frilled lizards
  A gnoll zombie (Ossuary)
  2 goblin zombies
  A hobgoblin zombie (Ossuary)
  A jackal skeleton (D:5)
  6 kobolds
  A kobold zombie (Ossuary)
  An orc zombie (Ossuary)
  8 rats
151 creatures vanquished.

Notes
Turn   | Place    | Note
-------+----------+-------------------------------------------
     0 | D:1      | Rrauwl the Minotaur Monk began the quest for the Orb.
     0 | D:1      | Reached XP level 1. HP: 22/22 MP: 0/0
   268 | D:1      | Reached skill level 1 in Armour
   268 | D:1      | Reached XP level 2. HP: 21/28 MP: 1/1
   274 | D:1      | Reached skill level 5 in Fighting
   516 | D:1      | Reached skill level 5 in Dodging
   516 | D:1      | Reached XP level 3. HP: 26/36 MP: 2/2
   947 | D:2      | Noticed a moth of wrath
  1002 | D:2      | Reached XP level 4. HP: 41/42 MP: 3/3
  1111 | D:2      | Reached skill level 1 in Evocations
  1177 | D:2      | Found a bloodstained altar of Trog.
  1471 | D:2      | Reached XP level 5. HP: 46/50 MP: 4/4
  2222 | D:3      | Noticed an ogre
  2223 | D:3      | Killed an ogre
  2223 | D:3      | Reached skill level 1 in Axes
  2223 | D:3      | Reached XP level 6. HP: 56/58 MP: 6/6
  2792 | D:4      | Reached XP level 7. HP: 54/66 MP: 7/7
  2818 | D:4      | Found an ornate altar of the Wu Jian Council.
  2851 | D:4      | Found a basalt altar of Yredelemnul.
  2855 | D:4      | Found a burning altar of Makhleb.
  2860 | D:4      | Found an opulent altar of Gozag.
  2876 | D:4      | Gained mutation: You are partially covered in thin metallic scales. (AC +2) [potion of mutation]
  2876 | D:4      | Gained mutation: You are somewhat resistant to further mutation. [potion of mutation]
  2935 | D:4      | Found an iron altar of Okawaru.
  2943 | D:4      | Became a worshipper of Warmaster Okawaru
  2943 | D:4      | Reached * piety under Okawaru
  2943 | D:4      | Reached ** piety under Okawaru
  3640 | D:4      | Reached skill level 5 in Axes
  3669 | D:4      | Found a glowing silver altar of Zin.
  3748 | D:5      | Entered Level 5 of the Dungeon
  3769 | D:5      | Reached XP level 8. HP: 59/75 MP: 6/8
  3782 | D:5      | Found an ancient bone altar of Kikubaaqudgha.
  3998 | D:5      | Found a sand-covered staircase.
  4012 | Ossuary  | Entered an ossuary
  4237 | Ossuary  | Reached *** piety under Okawaru
  4586 | D:6      | Slain by an orc warrior

Vault maps used:
D:1:      dpeg_arrival_fog, minmay_pentomino_x4
D:2:      tgw_trog, serial_forest, infiniplex_forest_end_double,
          infiniplex_forest_end_1, infiniplex_forest_lined_3_way,
          infiniplex_forest_lined_3, infiniplex_forest_straight_1
D:4:      kennysheep_little_box, kennysheep_mini_moat,
          gammafunk_temple_overflow_forgotten, minmay_temple_entry_from_below_a,
          first_bread, okawaru_gym_becter
D:5:      lemuel_crystal_altar, enter_ossuary_3
D:6:      sword_in_stone, uniq_pikel, uniq_duvessa
Ossuary:  ossuary_crypta

Skill      XL: |  1  2  3  4  5  6  7  8 |
---------------+-------------------------+-----
Armour         | 1 2 3 4 |  4.1
Fighting       | 5 6 7 8 9 |  9.1
Dodging        | 5 |  5.1
Evocations     | 1 2 |  2.1
Axes           | 1 3 5 9 |  9.3
Stealth        | |  3.2

Action                   |  1- 3 |  4- 6 |  7- 9 || total
-------------------------+-------+-------+-------++-------
Melee: Unarmed           |    55 |       |       ||    55
       Headbutt          |    13 |    40 |    55 ||   108
       Spear             |    39 |   107 |       ||   146
       Hand axe          |       |    95 |   216 ||   311
 Fire: Hunting sling     |    14 |     8 |       ||    22
Throw: Stone             |       |     1 |       ||     1
Invok: Heroism           |       |       |     2 ||     2
Evoke: Wand              |       |     3 |       ||     3
  Use: Scroll            |     2 |     6 |     9 ||    17
       Potion            |       |       |    12 ||    12
  Eat: Chunk             |       |     6 |     5 ||    11
       Fruit             |       |       |     1 ||     1
Armor: Chain mail        |    57 |    93 |    97 ||   247
Dodge: Dodged            |    43 |   105 |    68 ||   216
